 Dungeon Crawl Stone Soup version 0.32-a0-772-g33df2375a9 (webtiles) character file.

Game seed: 2029531088214656840

4 Grimalkyne the Firebug (level 1, -2/14 HPs)
             Began as a Mountain Dwarf Fire Elementalist on Mar 19, 2024.
             Slain by a goblin
             ... wielding a +0 club
              (3 damage)
             ... on level 1 of the Dungeon.
             The game lasted 00:01:13 (166 turns).

Grimalkyne the Firebug (MDFE)                        Turns: 166, Time: 00:01:13

Health: -2/14      AC:  2    Str: 10    XL:     1   Next: 58%
Magic:  1/3        EV: 10    Int: 15    God:
Gold:   29         SH:  0    Dex: 10    Spells: 2/3 levels left

rFire   . . .        (no weapon)
rCold   . . .        (no shield)
rNeg    . . .        a - +0 robe
rPois   .            (no helmet)
rElec   .            (no cloak)
rCorr   .            (no gloves)
SInv    .            (no boots)
Will    .....        (no amulet)
Stlth   ++           (no ring)
HPRegen 0.22/turn    (no ring)
MPRegen 0.08/turn

%: no passive effects
@: no status effects
A: runic magic, artefact enchanting
a: no special abilities


You were on level 1 of the Dungeon.
You visited 1 branch of the dungeon, and saw 1 of its levels.

You collected 29 gold pieces.


Innate Abilities, Weirdness & Mutations

Your spellcasting is much less encumbered by armour.
You can use scrolls of enchantment on lesser artefacts.


   Skills:
 - Level 1.3 Dodging
 - Level 1.4 Stealth
 - Level 1.7 Spellcasting
 - Level 0.8 Conjurations
 + Level 4.1 Fire Magic


You had 2 spell levels left.
You knew the following spells:

 Your Spells              Type           Power      Damage    Failure   Level
f - Foxfire               Conj/Fire      32%        2x1d5     9%          1

Your spell library contained the following spells:

 Spells                   Type           Power      Damage    Failure   Level
 Scorch                   Fire           26%        2d6       6%          2
 Inner Flame              Hex/Fire       7%         N/A       30%         3
 Volatile Blastmotes      Fire/Tloc      14%        2d11      30%         3
 Flame Wave               Conj/Fire      8%         2d5       63%         4

Inventory:

Armour
 a - a +0 robe (worn)
Potions
 b - a potion of magic

Dungeon Overview and Level Annotations

Branches:
Dungeon (1/15)

Altars:

Shops:
D:1

* #~..~≈~.~~..#
#..~~~≈~....#
.#..~≈≈~≈~~..#
#.#.~≈~~≈~.≈~.#
#.#.~≈..~.~~~.#
..#.≈≈~.~.~...# .##
#.#...~~.~.~..#
.....######.....~......##.
#....g@#...#.........#.
######.....##........#.
###.........#...#.
#####......#..###.#.
...........###.....#.
######.............#.
#..##.#......##.
#..#.#......#..#.
....#...........#.


You could see a goblin.


Message History

You hit the kobold but do no damage.
The kobold is heavily wounded.
The foxfire hits the goblin.
The goblin is heavily wounded.
You hit the kobold.
The kobold is severely wounded.
The goblin barely misses you. The kobold closely misses you.
You miss the kobold.
The kobold is severely wounded.
The goblin misses you. The kobold hits you with a +0 dagger.
You barely miss the kobold.
The kobold is severely wounded.
The goblin hits you with a +0 club. The kobold closely misses you.
You completely miss the kobold.
The kobold is severely wounded.
The goblin closely misses you. The kobold barely misses you.
You hit the kobold but do no damage.
The kobold is severely wounded.
The goblin hits you with a +0 club. The kobold hits you with a +0 dagger.
* * * LOW HITPOINT WARNING * * *
You hit the kobold.
You kill the kobold!
The goblin hits you with a +0 club.
* * * LOW HITPOINT WARNING * * *
Your Fire Magic skill increases to level 4!
Things that are here:
a +0 dagger; a kobold corpse
Okay, then.
The goblin attacks as it pursues you! The goblin hits you with a +0 club.
You die...

Skill      XL: |  1 |
---------------+----+-----
Fire Magic     | 4 |  4.1
Dodging        | |  1.3
Stealth        | |  1.4
Spellcasting   | |  1.7
Conjurations   | |  0.8

Action                     || total
---------------------------++-------
  Melee: Unarmed           ||     8
   Cast: Foxfire           ||     9
 Armour: Robe              ||    10
  Dodge: Dodged            ||     7

Levels and vault maps discovered:
D:1:      dpeg_arrival_more_subterranean_lakeside_camping, layout_rooms,
          serial_shops, shop, corner_web_ring, hangedman_abyss_or_decor_stabs

Notes
Turn   | Place    | Note
-------+----------+-------------------------------------------
     0 | D:1      | Grimalkyne the Mountain Dwarf Fire Elementalist began the
                  | quest for the Orb.
     0 | D:1      | Reached XP level 1. HP: 14/14 MP: 3/3
    17 | D:1      | Found Ussaguem's Assorted Antiques.
   164 | D:1      | HP: 1/14 [goblin/+0 club (3)]
   165 | D:1      | Reached skill level 4 in Fire Magic
   166 | D:1      | Slain by a goblin

Vanquished Creatures
  An endoplasm (D:1)
  A jackal (D:1)
  A kobold (D:1)
  A rat (D:1)
4 creatures vanquished.

Vanquished Creatures (others)
  15 foxfires (D:1)
15 creatures vanquished.

Grand Total: 19 creatures vanquished

Table legend: (Time is in decaauts)
 A = Elapsed time spent in this place.
 B = Non-inter-level travel time spent in this place.
 C = Inter-level travel time spent in this place.
 D = Time resting spent in this place.
 E = Time spent auto-exploring this place.
 F = Levels seen in this place.
 G = Mean time per level.
                   A        B        C        D        E       F      G
               +--------+--------+--------+--------+--------+-----+--------+
         Total |    166 |    166 |      0 |     23 |     80 |   1 |  166.0 |
       Dungeon |    166 |    166 |      0 |     23 |     80 |   1 |  166.0 |
               +--------+--------+--------+--------+--------+-----+--------+

Top non-repeatable levels by time:
     D:1: 166 daAuts

Table legend:
 A = Non-vault XP
 B = Vault XP
 C = Vault XP percentage of total XP
 D = Non-vault monster count
 E = Vault monster count
 F = Vault count percentage of total count
                 A         B        C        D         E       F
            +---------+---------+-------+---------+---------+-------
      Total |       7 |       0 |   0.0 |       4 |       0 |   0.0
            +---------+---------+-------+---------+---------+-------
        D:1 |       7 |       0 |   0.0 |       4 |       0 |   0.0
            +---------+---------+-------+---------+---------+-------
